Map: Blackburn LE

Players

Azure - Winner!

  • Race: Zerg Zerg
  • League: Master

llllllllllll

  • Race: Terran Terran
  • League: Grandmaster

VOD

Have the link to the VOD?

Description

Time

  • Played on: July 31, 2021, 6:56 a.m.
  • Length: 12:12
Show
View Real Time Build Order
Export as new Build Order

Azure Zerg - Winner!

Build Orders: Hatch First 

Get SALT Encoding   

  12  0:00  Drone  
  13  0:12  Overlord  
  13  0:17  Drone  
  14  0:30  Drone x2  
  16  0:50  Hatchery  
  16  0:52  Drone  
  16  0:56  Drone  
  17  0:58  Drone  
  18  1:10  Extractor  
  17  1:14  Spawning Pool  
  17  1:16  Drone  
  17  1:20  Drone  
  18  1:28  Drone  
  19  1:38  Overlord  
  19  1:50  Drone  
  20  2:01  Queen x2  
  20  2:02  Zergling x4  
  26  2:16  Overlord  
  26  2:18  Drone  
  27  2:26  Drone x2  
  29  2:34  Hatchery  
  29  2:36  Drone  
  29  2:42  Metabolic Boost  
  29  2:45  Drone  
  29  2:47  Drone  
  31  2:51  Overlord  
  31  2:57  Drone  
  31  2:58  Drone  
  33  3:04  Queen  
  35  3:06  Drone  
  35  3:10  Drone  
  37  3:15  Drone x3  
  37  3:19  Overlord  
  40  3:22  Drone  
  41  3:28  Drone x2  
  43  3:37  Queen  
  45  3:41  Overlord  
  45  3:44  Drone  
  45  3:45  Drone  
  45  3:46  Drone  
  45  3:47  Drone x2  
  50  3:49  Queen  
  50  3:53  Overlord  
  52  3:58  Drone  
  52  3:59  Drone  
  54  4:03  Roach Warren, Drone  
  54  4:06  Zergling x2  
  55  4:16  Drone  
  57  4:17  Drone x5  
  57  4:18  Drone  
  57  4:22  Lair  
  62  4:27  Zergling x10  
  66  4:34  Drone x2  
  68  4:46  Zergling x2, Hatchery  
  68  4:47  Zergling x4  
  68  4:49  Overlord  
  70  4:53  Drone  
  70  4:55  Overlord x3  
  70  4:59  Drone x2  
  73  5:02  Evolution Chamber, Drone  
  73  5:03  Evolution Chamber, Baneling Nest  
  73  5:05  Drone  
  73  5:06  Extractor, Drone  
  72  5:07  Extractor  
  71  5:17  Drone  
  71  5:18  Drone x2  
  75  5:21  Drone x3  
  75  5:22  Overlord x3  
  77  5:29  Zergling x12  
  77  5:34  Queen  
  77  5:35  Queen, Overlord  
  87  5:42  Zerg Melee Weapons Level 1, Zerg Ground Armor Level 1  
  87  5:48  Drone  
  87  5:49  Drone x4  
  92  5:52  Extractor  
  92  5:53  Extractor  
  92  5:56  Drone  
  92  5:57  Drone x2  
  93  5:58  Drone x3  
  93  6:02  Hydralisk Den  
  95  6:04  Zergling x2  
  95  6:05  Zergling x10  
  95  6:09  Drone  
  95  6:10  Extractor  
  100  6:24  Zergling x2  
  100  6:25  Zergling x12  
  107  6:32  Grooved Spines  
  107  6:33  Infestation Pit  
  107  6:36  Overlord x2  
  107  6:37  Zergling x6  
  107  6:38  Zergling x2  
  110  6:45  Drone  
  111  6:47  Overlord x2  
  111  6:49  Overlord  
  111  6:50  Overlord  
  111  6:58  Zergling x10  
  111  6:59  Zergling x6  
  119  7:01  Overlord  
  119  7:02  Overlord  
  119  7:06  Spore Crawler, Drone  
  119  7:07  Drone  
  118  7:08  Drone  
  118  7:09  Overseer, Spore Crawler  
  118  7:12  Hive  
  118  7:14  Drone x3  
  121  7:19  Drone x5  
  126  7:28  Hydralisk x4  
  126  7:29  Hatchery  
  133  7:32  Centrifical Hooks  
  133  7:34  Zergling x2  
  133  7:35  Zergling x2  
  135  7:44  Drone, Muscular Augments  
  135  7:45  Zergling x6  
  135  7:46  Zergling x8  
  135  7:47  Zerg Melee Weapons Level 2  
  135  7:50  Zerg Ground Armor Level 2  
  143  7:54  Zergling x4  
  145  8:03  Zergling x10  
  145  8:04  Zergling x6  
  153  8:09  Hydralisk x4  
  161  8:19  Hatchery  
  158  8:22  Hatchery  
  156  8:34  Hydralisk x6  
  156  8:40  Overlord  
  156  8:41  Overlord x4  
  168  8:47  Spore Crawler  
  166  8:48  Spore Crawler  
  166  8:49  Spore Crawler  
  166  8:51  Hydralisk x5  
  173  8:59  Baneling  
  173  9:00  Baneling x10  
  173  9:04  Extractor  
  173  9:05  Extractor, Zergling x18  
  173  9:09  Viper  
  180  9:16  Drone  
  184  9:17  Drone x2  
  184  9:18  Drone  
  184  9:20  Baneling  
  186  9:25  Overlord  
  186  9:27  Overlord x3  
  170  9:36  Zergling x20  
  143  9:44  Zergling x12  
  132  9:48  Zergling x6  
  132  9:50  Zergling x4  
  123  9:55  Zergling x4  
  117  10:00  Overseer x5  
  117  10:03  Hydralisk x5  
  117  10:04  Hydralisk  
  127  10:10  Viper x2  
  133  10:15  Hydralisk x3  
  139  10:21  Zergling x14  
  139  10:22  Zergling x2  
  139  10:27  Hydralisk x3  
  153  10:35  Hydralisk x3  
  153  10:39  Zergling x14  
  166  10:48  Hydralisk x2  
  166  10:49  Hydralisk x3  
  170  10:57  Zergling x2  
  170  10:58  Zergling x18  
  170  11:01  Hydralisk x2  
  178  11:06  Zergling x2  
  178  11:07  Zergling x8  
  173  11:14  Hydralisk  
  173  11:15  Hydralisk x3  
  161  11:19  Zergling x10  
  159  11:28  Zergling x2  
  159  11:29  Zergling x16  
  155  11:42  Zergling x24  
  145  11:52  Zergling x18  
  140  11:58  Overseer x4  
  140  11:59  Drone x5  
Show
View Real Time Build Order
Export as new Build Order

llllllllllll Terran 

Build Orders: Mech 

Get SALT Encoding   

  12  0:00  SCV  
  13  0:12  SCV  
  14  0:21  Supply Depot  
  14  0:25  SCV  
  16  0:42  SCV  
  16  0:43  Barracks  
  16  0:52  Supply Depot  
  16  0:56  SCV  
  17  1:08  SCV  
  18  1:20  SCV  
  19  1:32  Marine, Orbital Command  
  20  1:33  Refinery  
  20  1:36  Refinery  
  20  1:49  Marine  
  21  1:58  SCV  
  22  2:10  SCV  
  22  2:13  Supply Depot  
  23  2:22  SCV  
  24  2:24  Command Center  
  24  2:34  SCV  
  24  2:35  Factory  
  25  2:46  SCV  
  26  2:55  Barracks Tech Lab  
  26  3:03  Command Center  
  26  3:05  SCV  
  27  3:18  SCV  
  28  3:23  Starport  
  28  3:25  Barracks Reactor  
  28  3:30  SCV, Siege Tank  
  32  3:45  Bunker  
  32  3:48  SCV  
  33  3:57  Refinery  
  33  3:59  Refinery  
  33  4:00  SCV  
  34  4:10  Orbital Command  
  34  4:12  Barracks Tech Lab  
  34  4:14  Viking  
  36  4:24  Viking  
  38  4:34  Siege Tank  
  41  4:43  Engineering Bay  
  41  4:44  SCV  
  42  4:56  SCV  
  42  4:58  Supply Depot  
  43  5:03  Supply Depot  
  45  5:14  Orbital Command  
  43  5:16  Siege Tank  
  46  5:22  SCV x2  
  46  5:26  Barracks Reactor  
  48  5:30  Hyperflight Rotors  
  48  5:35  Banshee  
  51  5:45  SCV x3  
  54  5:51  Supply Depot  
  54  5:54  Armory  
  54  5:57  Siege Tank  
  54  5:59  SCV  
  58  6:07  Marine x2  
  58  6:09  SCV  
  58  6:11  SCV  
  62  6:15  Factory  
  62  6:18  SCV  
  63  6:23  SCV, Banshee, Factory  
  67  6:26  SCV  
  67  6:32  Infernal Pre-Igniter  
  68  6:34  Siege Tank  
  71  6:53  Starport  
  69  7:04  SCV  
  69  7:06  SCV, Banshee  
  69  7:08  Terran Vehicle Weapons Level 1  
  74  7:11  Armory  
  74  7:14  Siege Tank  
  74  7:15  Orbital Command, Hellion x2  
  81  7:16  SCV  
  81  7:19  SCV  
  83  7:31  SCV, Missile Turret  
  83  7:33  Supply Depot, Missile Turret  
  83  7:35  Supply Depot  
  83  7:37  Hellion  
  86  7:42  Hellion  
  86  7:43  SCV  
  89  7:47  Siege Tank  
  92  7:55  Widow Mine  
  92  7:57  Bunker  
  94  7:59  Refinery  
  94  8:01  Supply Depot  
  94  8:02  Refinery  
  94  8:03  Supply Depot  
  94  8:07  Supply Depot  
  94  8:09  Widow Mine  
  98  8:12  Widow Mine  
  98  8:14  Widow Mine  
  98  8:16  SCV  
  98  8:18  SCV  
  102  8:28  Supply Depot  
  102  8:29  Siege Tank  
  102  8:31  Widow Mine  
  109  8:34  Cloaking Field, Widow Mine  
  113  8:48  Widow Mine x2  
  113  8:57  SCV  
  113  9:01  Siege Tank  
  117  9:03  Drilling Claws  
  117  9:05  Widow Mine x2  
  117  9:09  SCV  
  122  9:21  SCV  
  123  9:31  Widow Mine  
  123  9:32  Widow Mine  
  123  9:33  SCV, Siege Tank  
  109  9:41  Hellion  
  109  9:44  Hellion  
  97  9:52  Hellion  
  91  9:57  Widow Mine  
  91  9:58  Starport Tech Lab, Banshee  
  91  9:59  SCV  
  92  10:05  Widow Mine, Siege Tank  
  97  10:11  SCV, Orbital Command  
  98  10:16  Factory x2  
  98  10:17  SCV  
  98  10:18  Widow Mine  
  101  10:21  Smart Servos  
  101  10:23  SCV  
  101  10:26  Widow Mine  
  104  10:35  SCV  
  104  10:38  Siege Tank  
  108  10:48  Banshee, Hellion  
  113  10:56  Hellion  
  113  11:00  Banshee  
  110  11:10  Siege Tank  
  92  11:19  Hellion  
  92  11:23  SCV x2  
  99  11:39  Hellion  
  95  11:41  Hellion  
  95  11:42  Hellion  
  95  11:45  Widow Mine  
Tags
 
Composition
Mech
Matchup
TvZ
Add a new tag
Caveats
  • Supply blocks, unpowered buildings, or Contaminate may cause inaccurate times.
  • Supply counts are checked every 10 seconds.